Map: Orbital Shipyard

Players

Lafreequa

  • Race: Terran Terran
  • League: Gold

Naxtor - Winner!

  • Race: Zerg Zerg

VOD

Have the link to the VOD?

Description

Time

  • Played on: Nov. 24, 2015, 10:40 a.m.
  • Length: 6:56
Show
View Real Time Build Order
Export as new Build Order

Lafreequa Terran 

Build Orders: 1/1/1 

Get SALT Encoding   

  12  0:00  SCV  
  13  0:13  SCV  
  14  0:17  Supply Depot  
  14  0:25  SCV  
  15  0:28  Refinery  
  15  0:39  SCV  
  16  0:45  Barracks  
  16  0:51  SCV  
  17  1:03  SCV  
  18  1:15  SCV  
  19  1:32  Marine, Orbital Command  
  19  1:34  Factory  
  20  1:45  Refinery  
  20  1:46  Supply Depot  
  20  1:50  Marine  
  21  1:57  SCV  
  22  2:12  Barracks Reactor  
  22  2:21  Starport  
  22  2:23  SCV  
  22  2:24  Factory Tech Lab  
  23  2:36  Command Center  
  23  2:39  SCV  
  24  2:51  SCV  
  24  2:53  Supply Depot  
  24  2:56  Siege Tank  
  28  3:06  Medivac  
  28  3:07  Marine  
  31  3:16  Supply Depot  
  31  3:17  Marine  
  32  3:25  Marine  
  33  3:30  Siege Tank  
  36  3:35  SCV  
  36  3:39  Marine  
  39  3:49  Orbital Command  
  39  3:54  Marine  
  39  3:55  Medivac  
  41  4:00  Marine  
  41  4:02  SCV  
  43  4:14  Siege Tank  
  43  4:16  Marine  
  47  4:17  SCV x2  
  47  4:18  Marine  
  50  4:25  Supply Depot  
  50  4:30  Liberator  
  50  4:44  Marine x2  
  52  4:49  SCV x2  
  53  6:36  Marine x2  
Show
View Real Time Build Order
Export as new Build Order

Naxtor Zerg - Winner!

Build Orders: Hatch First 

Get SALT Encoding   

  12  0:01  Drone  
  13  0:12  Overlord  
  13  0:17  Drone  
  14  0:30  Drone  
  14  0:31  Drone  
  16  0:51  Hatchery  
  16  0:54  Drone  
  16  0:59  Drone x2  
  18  1:15  Spawning Pool  
  18  1:17  Drone  
  18  3:38  Extractor  
  18  3:40  Extractor x2  
  15  3:45  Hatchery  
  15  3:46  Extractor  
  15  3:47  Extractor  
  12  3:49  Extractor  
  11  3:56  Spore Crawler  
  11  4:00  Spore Crawler  
  11  4:01  Spore Crawler  
  8  4:03  Spore Crawler x3  
  8  4:05  Spore Crawler x2  
  8  4:06  Spore Crawler  
  8  4:07  Spore Crawler  
  8  4:08  Spore Crawler  
Tags
 
Add a new tag
Caveats
  • Supply blocks, unpowered buildings, or Contaminate may cause inaccurate times.
  • Supply counts are checked every 10 seconds.